 Dungeon Crawl Stone Soup version 0.25.1-2-g60ff931df9 (webtiles) character file.

Game seed: 11471138832522640204

254 funkygono the Ruffian (level 5, -1/52 HPs)
             Began as a Troll Fighter on Sept 12, 2020.
             Slain by a sky beast (6 damage)
             ... on level 4 of the Dungeon.
             The game lasted 00:06:16 (2758 turns).

funkygono the Ruffian (Troll Fighter)               Turns: 2758, Time: 00:06:16

Health: -1/52      AC:  6    Str: 25    XL:     5   Next: 91%
Magic:  4/4        EV:  8    Int: 10    God:
Gold:   258        SH:  9    Dex:  9    Spells: 4/4 levels left

rFire    . . .     SeeInvis .     - Unarmed
rCold    . . .     Gourm    +   b - +0 kite shield
rNeg     . . .     Faith    .   a - +0 robe
rPois    .         Spirit   .   (helmet restricted)
rElec    .         Reflect  .   (no cloak)
rCorr    .         Harm     .   (gloves unavailable)
MR       .....                  (boots unavailable)
Stlth    +.........             (no amulet)
HPRegen  0.57/turn              e - +6 ring of intelligence
MPRegen  0.09/turn              (no ring)

@: no status effects
A: large, unfitting armour, claws 3, fast metabolism 3, gourmand, regeneration
1, shaggy fur 1, tough skin 3
a: no special abilities


You were on level 4 of the Dungeon.
You were completely stuffed.

You visited 1 branch of the dungeon, and saw 4 of its levels.

You collected 258 gold pieces.

Inventory:

Missiles
 f - 117 stones (quivered)
 m - 6 atropa-tipped darts
Armour
 a - a +0 robe (worn)
 b - a +0 kite shield (worn)
Jewellery
 e - a +6 ring of intelligence (left claw)
 j - a +4 ring of protection {unknown}
Wands
 g - a wand of iceblast (9)
Scrolls
 k - a scroll of blinking
 n - a scroll of immolation
 q - a scroll of remove curse
Potions
 c - 2 potions of might
 h - a potion of flight {unknown}
 i - 2 potions of lignification
 l - a potion of stabbing {unknown}
 p - a potion of ambrosia {unknown}
 r - a potion of invisibility {unknown}
Comestibles
 d - 8 rations
 o - 4 chunks of flesh


   Skills:
 + Level 2.9 Fighting
 + Level 2.1 Throwing
 + Level 3.0 Dodging
 + Level 0.4 Stealth
 + Level 3.3 Shields
 + Level 3.8 Unarmed Combat


You had 4 spell levels left.
You didn't know any spells.
Your spell library contained the following spells:

 Spells                   Type           Power        Failure   Level  Hunger
 Animate Skeleton         Necr           N/A          78%         1    ##.....
 Apportation              Tloc           #.....       78%         1    ##.....
 Corona                   Hex            #......      78%         1    ##.....
 Summon Small Mammal      Summ           #...         78%         1    ##.....
 Confusing Touch          Hex            #.......     98%         3    ####...
 Gell's Gravitas          Tloc           #.........   98%         3    ####...
 Petrify                  Tmut/Erth      #.......     100%        4    #####..
 Metabolic Englaciation   Hex/Ice        #.........   100%        5    ######.
 Yara's Violent Unravell  Hex/Tmut       #.........   100%        5    ######.


Dungeon Overview and Level Annotations

Branches:
Dungeon (4/15)
 Temple: D:4-7

Altars:
Ashenzari
Cheibriados
Dithmenos
Sif Muna


Innate Abilities, Weirdness & Mutations

You are too large for most types of armour.
You have claws for hands.
Your metabolism is lightning-fast.
You like to eat raw meat.
Your natural rate of healing is unusually fast.
You are covered in fur. (AC +1)
You have extremely tough skin. (AC +3)


Message History

You barely miss the sky beast.
The sky beast hits you but does no damage.
You claw the sky beast!
The sky beast is moderately wounded.
The sky beast flickers out of sight!
Deactivating autopickup; reactivate with Ctrl-A.
Something hits you. Something shocks you.
* * * LOW HITPOINT WARNING * * *
You claw something! You block something's attack.
You closely miss something. You block something's attack.
Your shield prevents you from hitting something.
Something hits you.
* * * LOW HITPOINT WARNING * * *
Something shocks you.
* * * LOW HITPOINT WARNING * * *
You scratch something but do no damage. Something hits you but does no damage.
You claw something! Something hits you.
* * * LOW HITPOINT WARNING * * *
Something shocks you.
You die...

#.. §.§ #.### #..
§.§####...# ######
#.. ..........#
#....# ###
#..(......# #....#
..(.....# #....# ##
.(....# #....# #.
#†{.####....######.
#.@..##..#.........
###..#...#.......#.
###.......>......#.
#........#########.
#....<....########.
#...............##.
#........#.......).
.....................
.≈...................


There were no monsters in sight!

Vanquished Creatures
  2 howler monkeys (D:4)
  A bullfrog skeleton (D:4)
  4 adders
  3 oozes
  3 worms
  6 dart slugs
  3 leopard geckos
  5 orcs
  7 bats
  A giant cockroach (D:1)
  3 goblins (D:2)
  6 hobgoblins
  7 jackals
  6 kobolds
  2 ball pythons
  6 frilled lizards
  13 rats
78 creatures vanquished.

Notes
Turn   | Place    | Note
-------+----------+-------------------------------------------
     0 | D:1      | funkygono the Troll Fighter began the quest for the Orb.
     0 | D:1      | Reached XP level 1. HP: 22/22 MP: 0/0
    78 | D:1      | Reached XP level 2. HP: 24/29 MP: 1/1
   173 | D:1      | You fall into a shaft and drop 1 floor!
   442 | D:1      | Reached XP level 3. HP: 36/36 MP: 2/2
   523 | D:1      | Found a shattered altar of Ashenzari.
  1063 | D:2      | Found a shadowy altar of Dithmenos.
  1063 | D:2      | Found a snail-covered altar of Cheibriados.
  1067 | D:2      | Found a shimmering blue altar of Sif Muna.
  1114 | D:2      | Reached XP level 4. HP: 44/44 MP: 3/3
  1652 | D:3      | Reached skill level 1 in Throwing
  2492 | D:4      | Reached XP level 5. HP: 37/52 MP: 4/4
  2738 | D:4      | Noticed a sky beast
  2758 | D:4      | Slain by a sky beast

Illustrated notes

Levels and vault maps discovered:
D:1:      dpeg_arrival_tiny_c, layout_rooms, evilmike_ruin_ashenzari
D:2:      layout_loops_ring, minitemple, corexii_corridor_pit, dk_noncrumbling_3
D:3:      layout_basic
D:4:      layout_rooms, serial_rivers, chequers_serial_rivers_micro_d,
          chequers_serial_rivers_small_b, chequers_serial_rivers_marsh,
          chequers_serial_rivers_room_b, chequers_serial_rivers_micro_c,
          chequers_serial_rivers_small_3, nicolae_dithmenos_the_darkroom

Skill      XL: |  1  2  3  4  5 |
---------------+----------------+-----
Shields        | 3 |  3.3
Throwing       | 1 2 |  2.1
Unarmed Combat | 3 |  3.8
Dodging        | 3 |  3.0
Fighting       | |  2.9
Stealth        | |  0.4

Action                   |  1- 3 |  4- 6 || total
-------------------------+-------+-------++-------
Melee: Unarmed           |   113 |   111 ||   224
Throw: Stone             |    43 |    84 ||   127
  Use: Scroll            |     4 |     5 ||     9
 Stab: Sleeping          |     1 |       ||     1
  Eat: Chunk             |    16 |    15 ||    31
Armor: Robe              |    41 |    40 ||    81
Dodge: Dodged            |    36 |    28 ||    64
Block: Kite shield       |    60 |    39 ||    99
